Map: Apotheosis LE

Players

TwoRCfourU - Winner!

  • Race: Terran Terran
  • League: Gold

Nickos

  • Race: Terran Terran
  • League: Gold

VOD

Have the link to the VOD?

Description

Time

  • Played on: Sept. 8, 2016, 10 p.m.
  • Length: 13:29
Show
View Real Time Build Order
Export as new Build Order

TwoRCfourU Terran - Winner!

Build Orders:  

Get SALT Encoding   

  12  0:01  SCV  
  13  0:15  Supply Depot  
  13  0:17  SCV  
  14  0:30  SCV  
  15  0:43  Barracks  
  15  0:44  SCV  
  16  0:56  SCV  
  17  1:08  SCV  
  18  1:21  Command Center  
  18  1:24  SCV  
  19  1:33  Refinery  
  19  1:37  Refinery, SCV  
  20  1:49  Engineering Bay  
  20  1:52  SCV  
  21  2:04  SCV  
  22  2:16  SCV  
  23  2:27  Factory  
  23  2:34  Refinery  
  23  2:47  Planetary Fortress  
  23  2:57  Supply Depot  
  23  3:00  Supply Depot, SCV  
  24  3:13  Factory Tech Lab, SCV  
  25  3:22  Hi-Sec Auto Tracking  
  25  3:25  SCV  
  26  3:34  Starport  
  26  3:37  SCV  
  27  3:49  Refinery, Planetary Fortress  
  27  4:02  Factory  
  27  4:13  Starport Tech Lab  
  27  4:28  Missile Turret  
  27  4:29  Missile Turret x2  
  27  4:30  Corvid Reactor  
  27  4:35  SCV  
  28  4:47  SCV  
  28  4:52  Factory Tech Lab  
  29  4:59  SCV  
  30  5:04  Missile Turret  
  30  5:11  SCV  
  31  5:18  Supply Depot  
  31  5:23  SCV  
  31  5:24  Missile Turret  
  32  5:35  SCV  
  33  5:47  SCV  
  33  5:49  Explosive Shrapnel Shells, Building Armor  
  34  5:56  Raven  
  36  6:00  SCV  
  37  6:10  Siege Tank  
  40  6:12  SCV  
  41  6:19  Starport  
  41  6:22  Starport  
  41  6:24  SCV  
  42  6:35  Supply Depot  
  42  6:36  SCV  
  42  6:39  Raven  
  45  6:48  SCV  
  46  6:59  Starport Tech Lab x2  
  46  7:00  SCV  
  47  7:12  SCV  
  47  7:14  Armory  
  48  7:21  Missile Turret  
  48  7:22  Missile Turret  
  48  7:24  Missile Turret  
  48  7:25  Raven x2, SCV  
  53  7:33  Raven  
  53  7:37  SCV  
  56  7:46  Missile Turret  
  56  7:48  Missile Turret  
  56  7:49  SCV  
  57  7:52  Missile Turret, Supply Depot  
  57  7:56  Supply Depot  
  57  8:00  Siege Tank  
  60  8:08  Raven x2  
  64  8:16  Supply Depot  
  64  8:19  Supply Depot  
  64  8:22  Supply Depot  
  64  8:26  Terran Ship Weapons Level 1  
  64  9:16  Siege Tank  
  63  9:21  SCV  
  63  9:33  SCV  
  64  9:45  SCV  
  60  9:57  SCV  
  61  10:01  Raven  
  61  10:02  Raven  
  65  10:09  SCV  
  64  10:42  Factory Tech Lab  
  64  10:44  Raven x2  
  68  10:54  Missile Turret  
  68  10:58  Missile Turret  
  68  11:01  Missile Turret  
  68  11:17  Barracks  
  68  11:21  Barracks  
  68  11:24  Barracks Tech Lab  
  68  11:26  Barracks  
  67  11:35  Missile Turret  
  67  11:38  Missile Turret  
  66  11:51  Factory Tech Lab  
  66  11:56  Missile Turret  
  66  12:00  Missile Turret  
  66  12:09  Combat Shields  
  66  12:13  Barracks Reactor x3  
  64  12:49  Missile Turret  
Show
View Real Time Build Order
Export as new Build Order

Nickos Terran 

Build Orders: Reaper Expand, MMM Bio 

Get SALT Encoding   

  12  0:01  SCV  
  13  0:13  SCV  
  14  0:17  Supply Depot  
  14  0:25  SCV  
  15  0:38  SCV  
  15  0:40  Barracks  
  16  0:45  Refinery  
  16  0:50  SCV  
  17  1:02  SCV  
  18  1:15  SCV  
  19  1:27  Orbital Command  
  19  1:28  Reaper  
  20  1:44  Command Center  
  20  1:57  Supply Depot  
  20  2:02  Barracks  
  20  2:06  SCV  
  21  2:13  Marine  
  22  2:18  SCV  
  23  2:23  Refinery  
  23  2:30  SCV  
  23  2:31  Factory  
  24  2:37  Barracks Reactor  
  24  2:42  SCV  
  24  2:52  Barracks Tech Lab  
  24  2:54  SCV  
  24  2:57  Orbital Command  
  25  3:06  SCV  
  26  3:13  Marine, Stimpack  
  26  3:14  Marine  
  26  3:18  SCV  
  26  3:19  Starport  
  29  3:23  SCV  
  30  3:28  Factory Reactor  
  30  3:30  SCV, Marine  
  30  3:31  Marine  
  33  3:35  SCV  
  33  3:37  Marine  
  35  3:42  SCV  
  35  3:47  Engineering Bay, SCV  
  37  3:49  Marine  
  37  3:50  Marine  
  37  3:54  SCV  
  37  3:55  Marine  
  41  3:57  Supply Depot  
  41  3:59  SCV  
  42  4:07  SCV  
  43  4:11  SCV  
  43  4:14  Medivac  
  43  4:15  Engineering Bay  
  46  4:18  Medivac  
  46  4:19  Marine  
  46  4:20  Marine x2  
  51  4:24  Terran Infantry Weapons Level 1  
  51  4:25  SCV  
  51  4:27  SCV  
  53  4:32  Supply Depot  
  53  4:37  Marine  
  53  4:38  Marine x2, SCV  
  55  4:39  SCV  
  55  4:42  Terran Infantry Armor Level 1  
  58  5:07  SCV x2  
  58  5:14  Command Center  
  60  5:17  Barracks  
  60  5:19  Medivac, Barracks, SCV x2  
  64  5:26  Supply Depot, Marine  
  65  5:31  SCV  
  65  5:32  SCV  
  65  5:35  Marine x2  
  69  5:44  Marine  
  56  5:53  Medivac x2, Marine  
  56  5:55  SCV x2  
  61  6:05  Marauder  
  63  6:19  Marine x2  
  63  6:23  Medivac  
  63  6:25  Supply Depot  
  67  6:26  Marauder  
  67  6:28  SCV x2  
  67  6:31  Supply Depot  
  71  6:36  Marine  
  72  6:41  Armory, SCV x2  
  72  6:42  Combat Shields  
  72  6:44  Marine  
  75  6:47  Marine  
  75  6:53  SCV x2  
  78  6:54  Marine  
  78  6:55  Barracks Reactor  
  78  6:57  Command Center  
  79  7:02  Marine  
  79  7:05  Barracks Reactor  
  80  7:11  Refinery  
  80  7:13  Refinery  
  81  7:22  SCV  
  81  7:23  SCV  
  81  7:26  Planetary Fortress  
  81  7:28  Marine x2  
  84  7:40  Marine x3  
  84  7:41  Viking  
  89  7:45  Marine x2  
  89  7:46  Marine  
  89  7:49  Viking  
  93  7:54  Marine  
  93  7:58  Marine x3  
  96  8:03  Marine x2  
  96  8:04  Marine  
  100  8:12  Marine  
  101  8:15  Marine  
  101  8:16  Refinery, Marauder  
  104  8:21  Fusion Core  
  104  8:25  Marine x4  
  108  8:30  Marine  
  108  8:32  Medivac  
  108  8:33  Marine  
  112  8:38  Marauder  
  107  8:42  Marine  
  107  8:43  Marine x3  
  95  8:58  Marine x2  
  95  8:59  Viking  
  95  9:02  Viking, Marine  
  101  9:03  Marine x3  
  78  9:25  Marine  
  78  9:26  Marine x4  
  83  9:32  Marine x2  
  83  9:33  Viking  
  83  9:34  Viking  
  89  9:43  Marine x2  
  89  9:44  Marine  
  89  9:49  Marine  
  89  9:52  Marine x3  
  63  10:01  Marine x3  
  63  10:03  Viking  
  56  10:07  Marine  
  56  10:08  Terran Infantry Weapons Level 2  
  56  10:10  Marine x3  
  57  10:18  SCV x2  
  57  10:19  Marine x3  
  62  10:25  Marine  
  62  10:28  Viking, Marine x3  
  63  10:37  Marine x3  
  63  10:41  Viking  
  68  10:43  Marine  
  68  10:45  Marine  
  68  10:46  Marine x2  
  72  10:53  SCV x2  
  72  10:54  Marine  
  72  10:55  Marine x2  
  77  10:58  Liberator  
  77  11:01  Marine  
  77  11:03  Marine  
  77  11:04  Marine x2  
  80  11:09  Viking  
  83  11:12  Marine x2  
  83  11:13  Marine  
  89  11:18  Marine  
  89  11:21  Marine x2  
  89  11:22  Marine  
  93  11:29  Liberator  
  93  11:30  Marine x3  
  96  11:36  Marine  
  96  11:39  Marine x3  
  87  11:48  Marine x3  
  90  11:54  Marine  
  90  11:57  Marine x2  
  90  11:59  Marine  
  92  12:06  Marine  
  93  12:09  Marine x2  
  95  12:16  Marine x2  
  95  12:17  Liberator, Marine  
  95  12:34  Marine x2  
  90  12:43  Marine x2  
  92  12:48  Marine x2  
  92  12:49  Marine  
  92  12:51  Marine  
  92  12:52  Marine  
  92  12:53  Medivac  
  90  13:00  Marine  
  90  13:01  Marine  
  84  13:06  Marine x2  
  84  13:09  Marine  
Tags
 
Composition
MMM Bio
League
GoldGold
Matchup
TvT
Race
Terran
Replay Pack
Nickos replay
Add a new tag
Caveats
  • Supply blocks, unpowered buildings, or Contaminate may cause inaccurate times.
  • Supply counts are checked every 10 seconds.